 Dungeon Crawl Stone Soup version 0.29.1-1-gd02db6906a (webtiles) character file.

Game seed: 7306988977828654464

100 Godmorgon the Gusty (level 4, -1/24 HPs)
             Began as a Tengu Air Elementalist on Oct 17, 2022.
             Succumbed to an adder's poison
             ... on level 2 of the Dungeon.
             The game lasted 00:05:24 (2718 turns).

Godmorgon the Gusty (Tengu Air Elementalist)        Turns: 2718, Time: 00:05:24

Health: -1/24      AC:  2    Str:  8    XL:     4   Next: 73%
Magic:  2/9        EV: 12    Int: 18    God:
Gold:   61         SH:  0    Dex: 14    Spells: 5/8 levels left

rFire   . . .      SeeInvis .   a - +3 dagger
rCold   . . .      Faith    .   (no shield)
rNeg    . . .      Spirit   .   d - +0 robe
rPois   .          Reflect  .   (helmet restricted)
rElec   .          Harm     .   (no cloak)
rCorr   .          Rampage  .   (no gloves)
Will    .....                   (boots unavailable)
Stlth   ++........              (no amulet)
HPRegen 0.08/turn               (no ring)
MPRegen 0.11/turn               (no ring)

@: lethally poisoned (-1 -> -13), attractive, hasted, very quick
A: beak, talons 3
a: no special abilities


You were on level 2 of the Dungeon.
You visited 1 branch of the dungeon, and saw 2 of its levels.

You collected 61 gold pieces.

Inventory:

Hand Weapons
 a - a +3 dagger (weapon)
Armour
 d - a +0 robe (worn)
Scrolls
 c - a scroll of amnesia {unknown}
 e - a scroll of acquirement {unknown}
 g - 2 scrolls of identify {unknown}
 i - a scroll of poison {unknown}
 j - a scroll of noise {unknown}
 l - a scroll of blinking {unknown}
Potions
 b - 2 potions of magic
 f - a potion of heal wounds {unknown}
 h - a potion of haste


   Skills:
 - Level 2.1 Dodging
 - Level 2.0 Stealth
 + Level 2.7 Spellcasting
 + Level 3.1 Conjurations
 * Level 5.7 Air Magic


You had 5 spell levels left.
You knew the following spells:

 Your Spells              Type           Power      Damage    Failure   Level
d - Static Discharge      Conj/Air       18%        3-6/arc   4%          2
s - Shock                 Conj/Air       72%        1d7       2%          1

Your spell library contained the following spells:

 Spells                   Type           Power      Damage    Failure   Level
 Swiftness                Air            23%        N/A       4%          3
 Airstrike                Air            11%        2d(2-18)  16%         4


Dungeon Overview and Level Annotations

Branches:
Dungeon (2/15)

Altars:


Innate Abilities, Weirdness & Mutations

You have a beak for a mouth.
You have claws for feet.


Message History

Casting: Static Discharge (safe; 4% risk of failure)
Confirm with . or Enter, or press ? or * to list all spells.
Natasha is struck by an arc of lightning.
Natasha is heavily wounded.
You are struck by an arc of lightning.
Natasha is struck by an arc of lightning!
You kill Natasha!
Natasha screams in fury as she dies!
You are struck by an arc of lightning.
The lightning grounds out.
Your Conjurations skill increases to level 3!
The adder hisses angrily.
Casting: Static Discharge (safe; 4% risk of failure)
Confirm with . or Enter, or press ? or * to list all spells.
The adder is struck by an arc of lightning.
The adder is moderately wounded.
You are struck by an arc of lightning.
The lightning grounds out.
The adder bites you.
You are poisoned.
The adder poisons you!
Casting: Static Discharge (safe; 4% risk of failure)
Confirm with . or Enter, or press ? or * to list all spells.
The adder is struck by an arc of lightning!
The adder is almost dead.
You are struck by an arc of lightning.
* * * LOW HITPOINT WARNING * * *
The lightning grounds out.
You feel sick. The adder bites you but does no damage.
You feel sick. The adder bites you.
* * * LOW HITPOINT WARNING * * *
You are lethally poisoned!
The adder poisons you!
It was a potion of haste.
You feel yourself speed up.
* * * LOW HITPOINT WARNING * * *
You feel sick. The adder bites you.
* * * LOW HITPOINT WARNING * * *
You are more poisoned.
The adder poisons you! The giant cockroach closely misses you.
It was a potion of attraction.
You feel attractive to monsters.
You die...

).####
....###.###..# ..S..
####............##
.....
..##...........##
... . ..
#.....###...# ..
.#.# #.....# #.###
.# #S. #.....# #.#
.## #.####.....###.#
..###.##.......#.).#
..†............S@###
#..(#..######.#B##
##.....# ###.#.#
.#.....####.....#
............#.###
.......######.#
.......# #.#
......#### #.#
.#.......# #.#


You could see an adder and a giant cockroach.

Vanquished Creatures
  Natasha (D:2)
  3 adders (D:2)
  A dart slug (D:2)
  3 bats
  4 endoplasms
  2 giant cockroaches (D:2)
  2 goblins
  5 hobgoblins (D:1)
  9 jackals (D:1)
  2 quokkas (D:1)
  3 ball pythons (D:1)
  2 frilled lizards (D:1)
  3 kobolds (D:1)
  A rat (D:1)
41 creatures vanquished.

Vanquished Creatures (others)
  4 plants (D:1)
4 creatures vanquished.

Grand Total: 45 creatures vanquished

Notes
Turn   | Place    | Note
-------+----------+-------------------------------------------
     0 | D:1      | Godmorgon the Tengu Air Elementalist began the quest for
                  | the Orb.
     0 | D:1      | Reached XP level 1. HP: 10/10 MP: 4/4
   409 | D:1      | Reached XP level 2. HP: 15/15 MP: 4/6
   545 | D:1      | Learned a level 2 spell: Static Discharge
   724 | D:1      | Reached XP level 3. HP: 19/19 MP: 0/7
  1488 | D:1      | Reached skill level 5 in Air Magic
  2026 | D:2      | Found a faded altar of an unknown god.
  2139 | D:2      | Reached XP level 4. HP: 12/24 MP: 0/8
  2694 | D:2      | Noticed Natasha
  2701 | D:2      | Killed Natasha
  2717 | D:2      | HP: 1/24 [adder (1)]
  2718 | D:2      | Succumbed to an adder's poison

Illustrated notes

Levels and vault maps discovered:
D:1:      dpeg_arrival_orchard, layout_loops_ring, serial_bayou_lagoon_b
D:2:      layout_rooms, nicolae_ecumenical_pavilion, hangedman_decor_points,
          uniq_natasha, uniq_crazy_yiuf_cottage

Skill      XL: |  1  2  3  4 |
---------------+-------------+-----
Conjurations   | 2 3 |  3.1
Air Magic      | 5 |  5.7
Dodging        | |  2.1
Stealth        | |  2.0
Spellcasting   | |  2.7

Action                   |  1- 3 |  4- 6 || total
-------------------------+-------+-------++-------
Melee: Unarmed           |     7 |       ||     7
       Peck              |     3 |       ||     3
       Kick              |     3 |       ||     3
       Dagger            |     6 |       ||     6
 Cast: Shock             |    28 |       ||    28
       Static Discharge  |    21 |    12 ||    33
  Use: Potion            |       |     2 ||     2
 Stab: Sleeping          |     1 |       ||     1
Armor: Robe              |     2 |     2 ||     4
Dodge: Dodged            |    25 |     5 ||    30
